 Dungeon Crawl Stone Soup version 0.18-a0-1523-gbe15c29 (webtiles) character file.

257 GrosslyIncandescent the Insei (level 5, 0/44 HPs)
             Began as a Mummy Monk on Mar 7, 2016.
             Slain by an iguana (10 damage)
             ... on level 4 of the Dungeon.
             The game lasted 00:07:41 (5495 turns).

GrosslyIncandescent the Insei (Mummy Monk)          Turns: 5495, Time: 00:07:41

Health: 0/44       AC:  1    Str: 15    XL:     5   Next: 93%
Magic:  5/5        EV: 17    Int:  9    God:
Gold:   88         SH:  0    Dex: 15    Spells: 0 memorised, 4 levels left

rFire  x . .     SeeInvis .       - Unarmed
rCold  + . .     Gourm    .     (no armour)
rNeg   + + +     Faith    .     (no shield)
rPois  ∞         Spirit   .     (no helmet)
rElec  .         Dismiss  .     (no cloak)
rCorr  .         Reflect  .     e - +0 pair of gloves
SustAt .         Harm     .     (no boots)
MR     +....                    (no amulet)
Stlth  ++........               f - ring of protection from magic
                                d - +4 ring of evasion

@: somewhat resistant to hostile enchantments, unstealthy
A: no food or potions, fire vulnerability, cold resistance 1, negative energy
resistance 3, torment resistance, unbreathing
a: no special abilities


You were on level 4 of the Dungeon.
You were not hungry.

You visited 1 branch of the dungeon, and saw 4 of its levels.

You collected 88 gold pieces.


Innate Abilities, Weirdness & Mutations

You do not eat or drink.
Your flesh is vulnerable to fire.
You are immune to poison.
Your flesh is cold resistant.
You are immune to negative energy.
You are immune to unholy pain and torment.
You can survive without breathing.


   Skills:
 - Level 5.0 Fighting
 + Level 2.4 Dodging
 - Level 1.5 Stealth
 - Level 5.0 Unarmed Combat


You had 4 spell levels left.
You didn't know any spells.

Inventory:

Armour
 e - a +0 pair of gloves (worn)
Jewellery
 d - a +4 ring of evasion (left hand)
 f - a ring of protection from magic (right hand)
 j - an uncursed ring of positive energy
 l - an uncursed ring of positive energy
Scrolls
 a - a scroll of teleportation {unknown}
 b - 2 scrolls of fear {unknown}
 c - 2 scrolls of amnesia {unknown}
 g - 3 scrolls of remove curse
 h - 2 scrolls of noise {unknown}
 i - a scroll of blinking {unknown}
 k - a scroll of identify {unknown}
 n - a scroll of magic mapping {unknown}
Comestibles
 m - 3 fruits (quivered)

Dungeon Overview and Level Annotations

Branches:
Dungeon (4/15)
 Temple: D:4-7

Altars:
Elyvilon
Ru
Sif Muna
Trog
Xom

Annotations:
D:2 Ijyb
D:3 Robin
D:4 LairdHam's ghost, amateur DgFE

▒▒▒▒
▒▒▒▒▒..▒▒▒▒▒...
▒▒▒▒▒
▒▒▒.Ml...........
▒▒...▒▒▒
▒▒...▒▒▒▒▒.....▒▒▒
▒.▒▒...▒▒▒ ▒...▒▒
▒▒..▒▒▒
.▒▒▒▒▒...▒▒▒...▒
..▒ ▒▒ ▒▒........▒
...▒ ▒ ▒...▒▒..▒▒
▒.o▒ ▒..▒▒▒▒..▒
▒.. ▒..▒▒ ▒...▒
▒.o ▒ ▒..▒ ▒▒..▒


You could see an iguana.


Message History

An orc comes into view! It is wielding a short sword!
The iguana hisses angrily!
An orc comes into view! It is wielding a flail!
You squash the iguana like an ant!
The iguana is lightly wounded!
The iguana bites you!!!
You pulverise the iguana!
The iguana is moderately wounded!
The iguana completely misses you!
You pulverise the iguana!
The iguana is severely wounded!
You squash the iguana like an ant!
The iguana is almost dead!
The iguana bites you!!! * * * don't die
* * * You squash the iguana but do no damage!
The iguana is almost dead!
The iguana bites you!!! * * * don't die
* * * You closely miss the iguana!
The iguana is almost dead!
The iguana misses you!
You barely miss the iguana!
The iguana is almost dead!
The iguana barely misses you!
You squash the iguana but do no damage!
The iguana is almost dead!
The iguana hisses menacingly!
The iguana bites you!!! rip

Action                   |  1- 3 |  4- 6 || total
-------------------------+-------+-------++-------
Melee: Unarmed           |   181 |   136 ||   317
  Use: Scroll            |       |     1 ||     1
 Stab: Sleeping          |     3 |       ||     3

Vault maps used:
D:1:      kb_arrival_jail, minmay_misc_feat_x
D:2:      tso_metal_star, lemuel_round_altar, minitemple, uniq_iyjb
D:3:      first_bread
D:4:      kennysheep_generic_room_8, uniq_robin

Notes
Turn   | Place    | Note
--------------------------------------------------------------
     0 | D:1      | GrosslyIncandescent the Mummy Monk began the quest for the Orb.
     0 | D:1      | Reached XP level 1. HP: 18/18 MP: 1/1
     8 | D:1      | Noticed a formicid
     8 | D:1      | Noticed an ogre
    10 | D:1      | Noticed a ghoul
    10 | D:1      | Noticed a felid
    12 | D:1      | Noticed a halfling
    12 | D:1      | Noticed a dwarf
    14 | D:1      | Noticed a draconian
    14 | D:1      | Noticed a tengu
    16 | D:1      | Noticed a naga
    16 | D:1      | Noticed a demigod
    18 | D:1      | Noticed a troll
    18 | D:1      | Noticed a merfolk
    20 | D:1      | Noticed a vine stalker
    22 | D:1      | Noticed a spriggan
    22 | D:1      | Noticed a demonspawn
    24 | D:1      | Noticed an octopode
    28 | D:1      | Noticed a human
    28 | D:1      | Noticed a minotaur
    30 | D:1      | Noticed a centaur
    30 | D:1      | Noticed a vampire
    32 | D:1      | Noticed an elf
    32 | D:1      | Noticed a gargoyle
   457 | D:1      | Reached XP level 2. HP: 16/24 MP: 2/2
  1116 | D:2      | Reached skill level 4 in Unarmed Combat
  1116 | D:2      | Reached XP level 3. HP: 24/29 MP: 3/3
  1226 | D:2      | Found a bloodstained altar of Trog.
  1495 | D:2      | Noticed Ijyb
  2049 | D:2      | Found a white marble altar of Elyvilon.
  2049 | D:2      | Found a deep blue altar of Sif Muna.
  2050 | D:2      | Found a shimmering altar of Xom.
  2050 | D:2      | Found a sacrificial altar of Ru.
  3061 | D:3      | Reached XP level 4. HP: 15/35 MP: 4/4
  3585 | D:3      | Reached skill level 5 in Unarmed Combat
  4031 | D:4      | Noticed Robin
  4343 | D:3      | Reached XP level 5. HP: 29/41 MP: 5/5
  4840 | D:4      | Reached skill level 4 in Fighting
  4949 | D:4      | Noticed LairdHam's ghost (amateur DgFE)
  5236 | D:4      | Noticed a phantom
  5287 | D:4      | Reached skill level 5 in Fighting
  5495 | D:4      | Slain by an iguana

Vanquished Creatures
  A scorpion (D:4)
  An orc priest (D:3)
  A hound (D:4)
  5 gnolls
  2 adders
  3 worms
  4 giant geckos
  2 orcs (D:3)
  A ball python (D:2)
  4 giant cockroaches
  9 goblins
  9 hobgoblins
  9 jackals
  3 kobolds
  A quokka (D:1)
  5 bats
  4 giant newts
  2 rats
66 creatures vanquished.
